 Dungeon Crawl Stone Soup version 0.28-a0-793-g31680bbd8b (webtiles) character file.

Game seed: 11652367876025181139

910 ytrimaz the Grave Robber (level 7, -6/46 HPs)
             Began as a Demonspawn Necromancer on Nov 3, 2021.
             Killed by an exploding two-headed ogre (11 damage)
             ... ignited by their inner flame
             ... on level 6 of the Dungeon on Nov 4, 2021.
             The game lasted 00:11:04 (7924 turns).

ytrimaz the Grave Robber (Demonspawn Necromancer)   Turns: 7924, Time: 00:11:04

Health: -6/46      AC:  3    Str:  8    XL:     7   Next: 81%
Magic:  9/16       EV: 13    Int: 19    God:
Gold:   262        SH:  0    Dex: 13    Spells: 14/18 levels left

rFire   + + .      SeeInvis .   o - +7 great mace "Firestarter" {inner flame, rF++}
rCold   . . .      Faith    .   (shield currently unavailable)
rNeg    . . .      Spirit   .   a - +1 robe
rPois   .          Reflect  .   (no helmet)
rElec   .          Harm     .   (no cloak)
rCorr   +          Rampage  .   (no gloves)
Will    .....                   (no boots)
Stlth   ++........              (no amulet)
HPRegen 0.15/turn               j - ring of resist corrosion
MPRegen 0.15/turn               l - ring of wizardry

@: no status effects
A: spiny 1, sturdy frame 1
a: no special abilities


You were on level 6 of the Dungeon.
You visited 2 branches of the dungeon, and saw 7 of its levels.

You collected 262 gold pieces.

Inventory:

Hand Weapons
 g - a +1 dagger of venom
 o - the +7 great mace "Firestarter" (weapon) {inner flame, rF++}
   (You found it on level 4 of the Dungeon)

   It burns those it strikes, dealing additional fire damage.
   It fills those it strikes with an explosive inner flame.
   It grants immunity to clouds of flame.
   rF:        It greatly protects you from fire.
Missiles
 i - 2 throwing nets
Armour
 a - a +1 robe (worn)
 k - a +0 leather armour
Magical Staves
 n - a staff of conjuration
Jewellery
 j - a ring of resist corrosion (left hand)
 l - a ring of wizardry (right hand)
Wands
 p - a wand of flame (18)
 q - a wand of acid (6)
 w - a wand of iceblast (5)
Scrolls
 c - a scroll of enchant armour
 h - 2 scrolls of enchant weapon
 s - a scroll of blinking
 t - a scroll of silence
Potions
 b - a potion of mutation {unknown}
 d - 2 potions of might
 e - 3 potions of curing
 m - a potion of lignification
 r - 2 potions of heal wounds
 u - 2 potions of cancellation {unknown}


   Skills:
 * Level 2.0 Maces & Flails
 * Level 3.3 Dodging
 - Level 1.7 Stealth
 * Level 6.2 Spellcasting
 + Level 6.6 Necromancy


You had 14 spell levels left.
You knew the following spells:

 Your Spells              Type           Power      Damage    Failure   Level
a - Pain                  Necr           100%       1d9       1%          1
b - Vampiric Draining     Necr           31%        2d8       1%          3

Your spell library contained the following spells:

 Spells                   Type           Power      Damage    Failure   Level
 Animate Skeleton         Necr           62%        N/A       1%          1
 Animate Dead             Necr           15%        N/A       2%          4
 Apportation              Tloc           10%        N/A       4%          1
 Agony                    Necr           31%        N/A       9%          5
 Excruciating Wounds      Necr           15%        N/A       9%          5
 Alistair's Intoxication  Tmut/Pois      3%         N/A       73%         5
 Summon Forest            Summ/Tloc      2%         N/A       73%         5
 Eringya's Noxious Bog    Tmut/Pois      2%         N/A       99%         6
 Invisibility             Hex            2%         N/A       99%         6
 Summon Hydra             Summ           2%         N/A       100%        7


Dungeon Overview and Level Annotations

Branches:
Dungeon (6/15)             Temple (1/1) D:4

Altars:
Ashenzari
Cheibriados
Dithmenos
Elyvilon
Gozag
Hepliaklqana
Nemelex Xobeh
Qazlal
Ru
Trog
Uskayaw
Vehumet
Wu Jian

Shops:
D:1 (   D:5 (**(   D:6 :

Annotations:
D:6 Edmund


Innate Abilities, Weirdness & Mutations

You are partially covered in sharp spines.
Your movements are slightly less encumbered by armour. (ER -2)


Message History

HP restored.
You can't see any susceptible monsters within range! (Use Z to cast anyway.) Magic restored.
A two-headed ogre is nearby!
You can't see any susceptible monsters within range! (Use Z to cast anyway.)
You can't see any susceptible monsters within range! (Use Z to cast anyway.)
The two-headed ogre shouts in stereo!
The two-headed ogre writhes in agony!
The two-headed ogre writhes in agony.
Casting: Pain (safe; 1% risk of failure)
Confirm with . or Enter, or press ? or * to list all spells.
Aiming: Vampiric Draining (safe; 1% risk of failure)
Press: ? - help, Shift-Dir - straight line, f/p - two-headed ogre
Aim: a two-headed ogre, wielding two +0 giant clubs (moderately wounded)
You draw life force from the two-headed ogre!
You feel life coursing into your body.
The two-headed ogre hits you with a +0 giant club!
The two-headed ogre barely misses you.
You thump the two-headed ogre! You burn the two-headed ogre!
The two-headed ogre is filled with an inner flame.
The two-headed ogre is severely wounded.
The two-headed ogre hits you with a +0 giant club!
The two-headed ogre barely misses you.
You completely miss the two-headed ogre.
The two-headed ogre is severely wounded.
The two-headed ogre barely misses you.
The two-headed ogre hits you with a +0 giant club!!
Ouch! That really hurt!
* * * LOW HITPOINT WARNING * * *
Casting: Vampiric Draining (safe; 1% risk of failure)
Confirm with . or Enter, or press ? or * to list all spells.
Aiming: Vampiric Draining (safe; 1% risk of failure)
Press: ? - help, Shift-Dir - straight line, f/p - two-headed ogre
Aim: a two-headed ogre, wielding two +0 giant clubs (severely wounded, inner flame)
You draw life force from the two-headed ogre.
Flame seeps out of the two-headed ogre.
You feel life coursing into your body.
The two-headed ogre is engulfed in blazing flames.
The two-headed ogre explodes!
The fiery explosion engulfs you! You resist.
You die...

....... ....#
....... #...###
....... .....
.......####..####
.............)...
##....#....#..####
#....§§§.........#
#....§○@.........#
#.....§.###......#
#.......# ###.####
#.......# #.##
#.......# ##..#
####'#### #..># #.
######.### #.
#........#
#........#


There were no monsters in sight!

Vanquished Creatures
  A two-headed ogre (D:6)
  A sky beast (D:6)
  An ice beast (D:6)
  An orc warrior (D:4)
  2 vampire bats (D:5)
  A centaur zombie (D:5)
  A bullfrog zombie (D:5)
  3 hounds (D:5)
  Crazy Yiuf (D:2)
  A bullfrog skeleton (D:5)
  Jessica (D:2)
  Natasha (D:2)
  2 hound skeletons
  7 gnolls
  10 adders
  3 worms
  5 dart slugs
  8 orcs
  12 bats
  4 endoplasms
  A giant cockroach (D:1)
  8 goblins
  A hobgoblin (D:3)
  11 jackals
  2 quokkas
  4 ball pythons
  4 frilled lizards
  5 kobolds
  9 rats
111 creatures vanquished.

Notes
Turn   | Place    | Note
-------+----------+-------------------------------------------
     0 | D:1      | ytrimaz the Demonspawn Necromancer began the quest for the
                  | Orb.
     0 | D:1      | Reached XP level 1. HP: 13/13 MP: 3/3
   476 | D:1      | Found a faded altar of an unknown god.
   700 | D:1      | Found Teggobum's Weapon Shop.
   704 | D:1      | Gained mutation: Your movements are slightly less
                  | encumbered by armour. (ER -2) [demonic ancestry]
   704 | D:1      | Reached XP level 2. HP: 17/19 MP: 3/5
  1366 | D:2      | Noticed Natasha
  1372 | D:2      | Noticed Jessica
  1401 | D:2      | Killed Jessica
  1402 | D:2      | Reached XP level 3. HP: 12/24 MP: 1/7
  1661 | D:2      | Learned a level 3 spell: Vampiric Draining
  1742 | D:2      | Reached skill level 5 in Necromancy
  1995 | D:2      | Gained mutation: You are partially covered in sharp spines.
                  | [demonic ancestry]
  1995 | D:2      | Reached XP level 4. HP: 26/30 MP: 4/8
  2585 | D:2      | Found a runed translucent door.
  2586 | D:2      | Noticed Crazy Yiuf
  2608 | D:2      | Killed Natasha
  2779 | D:2      | Killed Crazy Yiuf
  2780 | D:2      | Reached XP level 5. HP: 16/35 MP: 4/10
  3131 | D:3      | Learned a level 1 spell: Apportation
  4373 | D:3      | Reached XP level 6. HP: 37/41 MP: 4/12
  4702 | D:4      | Found the +7 great mace "Firestarter" {inner flame, rF++}
  5139 | D:4      | Found a staircase to the Ecumenical Temple.
  5174 | Temple   | Entered the Ecumenical Temple
  5389 | D:4      | Noticed an orc warrior
  5398 | D:4      | Killed an orc warrior
  5399 | D:4      | Reached skill level 5 in Spellcasting
  5805 | D:5      | Entered Level 5 of the Dungeon
  5838 | D:5      | Reached skill level 1 in Maces & Flails
  6385 | D:5      | Found Yrcheigo's Weapon Shop.
  6400 | D:5      | Reached XP level 7. HP: 41/46 MP: 11/15
  6539 | D:5      | Found Omoorok's General Store.
  6600 | D:5      | Found Sexe's General Store.
  6790 | D:5      | Found Doifry's Weapon Shop.
  7555 | D:6      | Noticed Edmund
  7597 | D:6      | Found Ykeihiu's Book Boutique.
  7702 | D:6      | Noticed a two-headed ogre
  7924 | D:6      | Killed a two-headed ogre
  7924 | D:6      | Killed by an exploding two-headed ogre... ignited by their
                  | inner flame

Illustrated notes

Levels and vault maps discovered:
D:1:      dpeg_arrival_renting, layout_basic, shapermc_ecumenical_altar_pompeii,
          serial_shops, shop
D:2:      minmay_angry_zag, layout_basic, uniq_jessica, uniq_natasha,
          uniq_crazy_yiuf_cottage
D:3:      layout_basic
D:4:      layout_basic, minmay_temple_entry_enclosed_plants
D:5:      layout_loops_corners, serial_shops, shop, nicolae_shop_behind_doors,
          shop, nicolae_shop_crystal, roderic_batcave, dk_noncrumbling_4,
          minivault_1
D:6:      layout_basic, lemuel_zombie_altar_kikubaaqudgha, serial_shops, shop,
          kennysheep_generic_room_8, uniq_eustachio, uniq_sigmund, uniq_edmund
Temple:   cyrus_circular_temple

Skill      XL: |  1  2  3  4  5  6  7 |
---------------+----------------------+-----
Dodging        | 2 3 |  3.3
Spellcasting   | 3 4 5 6 |  6.2
Necromancy     | 5 6 |  6.6
Maces & Flails | 1 2 |  2.0
Stealth        | |  1.7

Action                   |  1- 3 |  4- 6 |  7- 9 || total
-------------------------+-------+-------+-------++-------
Melee: Unarmed           |     9 |       |       ||     9
       Dagger            |    11 |    15 |       ||    26
       Great mace        |       |    13 |    11 ||    24
 Cast: Pain              |    54 |    92 |    26 ||   172
       Vampiric Draining |       |    13 |     5 ||    18
       Apportation       |       |     3 |       ||     3
  Use: Scroll            |     4 |     6 |     2 ||    12
       Potion            |     1 |       |       ||     1
Armor: Robe              |     2 |     8 |     6 ||    16
Dodge: Dodged            |     9 |    41 |    22 ||    72

Table legend: (Time is in decaauts)
 A = Elapsed time spent in this place.
 B = Non-inter-level travel time spent in this place.
 C = Inter-level travel time spent in this place.
 D = Time resting spent in this place.
 E = Time spent auto-exploring this place.
 F = Levels seen in this place.
 G = Mean time per level.
                   A        B        C        D        E       F      G
               +--------+--------+--------+--------+--------+-----+--------+
         Total |   7941 |   7526 |    415 |   1576 |   5013 |   7 | 1134.4 |
       Dungeon |   7874 |   7459 |    415 |   1576 |   4979 |   6 | 1312.3 |
        Temple |     66 |     66 |      0 |      0 |     34 |   1 |   66.0 |
               +--------+--------+--------+--------+--------+-----+--------+

Top non-repeatable levels by time:
     D:2: 2057 daAuts
     D:5: 1497 daAuts
     D:4: 1413 daAuts
     D:1: 1328 daAuts
     D:3: 1236 daAuts
     D:6: 340 daAuts
  Temple: 66 daAuts
